 Dungeon Crawl Stone Soup version 0.28-a0-1235-g7c8fac35f0 (webtiles) character file.

Game seed: 7799647944098911272

2599 wakim the Zephyrmancer (level 9, -1/54 HPs)
             Began as a Tengu Air Elementalist on Dec 24, 2021.
             Was an Initiate of Ashenzari.
             Engulfed by a cloud of steam (12 damage)
             ... on level 7 of the Dungeon.
             The game lasted 00:44:11 (8066 turns).

wakim the Zephyrmancer (Tengu Air Elementalist)     Turns: 8066, Time: 00:44:11

Health: -1/54      AC:  5    Str:  8    XL:     9   Next: 59%
Magic:  10/16      EV: 17    Int: 20    God:    Ashenzari [......]
Gold:   440        SH:  0    Dex: 15    Spells: 6/16 levels left

rFire   . . .      SeeInvis .   a - staff of air
rCold   . . .      Faith    .   (no shield)
rNeg    . . .      Spirit   .   X - +2 robe
rPois   .          Reflect  .   (helmet restricted)
rElec   +          Harm     .   Y - +0 cloak
rCorr   +          Rampage  .   (no gloves)
Will    .....                   (boots unavailable)
Stlth   ++........              (no amulet)
HPRegen 0.18/turn               i - ring of the Elysian Ordeal {rCorr, Comp, Self} (curse)
MPRegen 0.15/turn               (no ring)

@: flying quickly and evasively, quick
A: beak, talons 3, nimble flight
a: Renounce Religion, Curse Item, Shatter the Chains


You were on level 7 of the Dungeon.
You worshipped Ashenzari.
Ashenzari was noncommittal.
You visited 2 branches of the dungeon, and saw 8 of its levels.

You collected 440 gold pieces.

Inventory:

Missiles
 U - a throwing net {=f!f}
Armour
 V - a +0 kite shield
 X - a +2 robe (worn)
 Y - a +0 cloak (worn)
Magical Staves
 a - a staff of air (weapon)
Jewellery
 i - the cursed ring of the Elysian Ordeal (left hand) {rCorr, Comp, Self}
   (You found it on level 3 of the Dungeon)

   [ring of resist corrosion]

   rCorr:     It protects you from acid and corrosion.
   It has a curse which improves the following skills: Companions: Summonings
   and Necromancy.
   Introspection: Fighting and Spellcasting.
 n - a ring of ice
Wands
 v - a wand of flame (16)
 x - a wand of iceblast (12)
Scrolls
 r - 3 scrolls of identify
 T - 4 scrolls of teleportation
 W - 2 scrolls of holy word
 Z - a scroll of enchant weapon
Potions
 B - 2 potions of attraction {!q}
 H - 2 potions of haste
 L - a potion of lignification {!q}
 M - 4 potions of mutation {!q}
 N - 2 potions of might


   Skills:
 - Level 4.4(5.0) Fighting
 - Level 5.0 Staves
 - Level 5.0 Dodging
 - Level 2.0 Stealth
 - Level 4.0(4.4) Spellcasting
 - Level 8.0 Conjurations
 - Level 8.0 Air Magic
 + Level 4.3 Evocations


You had 6 spell levels left.
You knew the following spells:

 Your Spells              Type           Power      Damage    Failure   Level
a - Shock                 Conj/Air       100%       1d9       1%          1
b - Airstrike             Air            26%        N/A       4%          4
d - Static Discharge      Conj/Air       53%        N/A       1%          2
f - Mephitic Cloud        Conj/Pois/Air  38%        N/A       4%          3

Your spell library contained the following spells:

 Spells                   Type           Power      Damage    Failure   Level
 Magic Dart               Conj           100%       1d8       1%          1
 Swiftness                Air            53%        N/A       1%          3
 Pain                     Necr           16%        1d4       12%         1
 Call Imp                 Summ           4%         N/A       19%         2
 Gell's Gravitas          Tloc           4%         N/A       36%         3
 Lesser Beckoning         Tloc           4%         N/A       36%         3
 Teleport Other           Tloc           4%         N/A       36%         3
 Agony                    Necr           4%         N/A       98%         5
 Excruciating Wounds      Necr           2%         N/A       98%         5
 Malign Gateway           Summ/Tloc      2%         N/A       100%        7
 Summon Horrible Things   Summ           2%         N/A       100%        8


Dungeon Overview and Level Annotations

Branches:
Dungeon (7/15)             Temple (1/1) D:7

Altars:
Ashenzari
Dithmenos
Elyvilon
Fedhas
Gozag
Hepliaklqana
Kikubaaqudgha
Makhleb
Nemelex Xobeh
Okawaru
Qazlal
Ru
Sif Muna
Uskayaw
Vehumet
Wu Jian
Xom
Yredelemnul
Zin
The Shining One

Shops:
D:2 (   D:4 !

Annotations:
D:3 1 runed translucent door, benappo's ghost, weakling DsTm
D:7 1 transporter, exclusion: 2 oklob plants, Yorgos's ghost, novice DjBe


Innate Abilities, Weirdness & Mutations

You have a beak for a mouth.
You have claws for feet.
Your magical nature lets you fly swiftly and evasively.


Message History

M - 4 potions of mutation {!q} (gained 1)
Z - a scroll of enchant weapon Yorgos's ghost turns its malevolent gaze towards you.
A steam dragon comes into view.
You feel a surge of power!
The zap hits the steam dragon.
The steam dragon is lightly wounded.
The steam dragon hisses angrily.
The steam dragon breathes steam at you. The ball of steam hits you!
You feel a surge of power!
The zap misses the steam dragon.
The zap hits the steam dragon but does no damage.
The steam dragon is lightly wounded.
You feel a surge of power!
The zap hits the steam dragon.
The steam dragon is lightly wounded.
The zap misses the steam dragon.
You feel a surge of power!
The zap hits the steam dragon.
The steam dragon is moderately wounded.
The zap hits the steam dragon.
The steam dragon is heavily wounded.
The steam dragon bites you but does no damage.
The steam dragon claws you but does no damage.
You feel a surge of power!
The zap hits the steam dragon.
The steam dragon is severely wounded.
The zap hits the steam dragon.
The steam dragon is almost dead.
The steam dragon breathes steam at you. The ball of steam hits you!!
* * * LOW HITPOINT WARNING * * *
Casting: Shock (safe; 1% risk of failure)
Confirm with . or Enter, or press ? or * to list all spells.
You feel a surge of power!
The steam dragon is struck by an arc of lightning!
You kill the steam dragon!
You resist.
You are struck by an arc of lightning.
* * * LOW HITPOINT WARNING * * *
You are engulfed in a cloud of scalding steam.
* * * LOW HITPOINT WARNING * * *
Your Evocations skill increases to level 4!
You are engulfed in a cloud of scalding steam.
You die...

#######
#.....#
########.###.#
#..@ยงยงยง.(#
#.#
#.######.###.#
#D...# #.....#
#.....#
###.####
.)......#
#....#
#.###.###
####.# .### #.
#.# ... #. #.#
..# #+ #.#


There were no monsters in sight!

Vanquished Creatures
  Sigmund (D:6)
  A steam dragon (D:7)
  Menkaure (D:4)
  Edmund (D:5)
  3 orc warriors
  An ice beast (D:5)
  A black bear (D:6)
  A sky beast (D:5)
  2 ogres
  A gnoll sergeant (D:5)
  4 scorpions
  A wyvern zombie (D:4)
  A water moccasin skeleton (D:6)
  4 wights (D:7)
  A howler monkey (D:6)
  A bullfrog zombie (D:5)
  A centaur zombie (D:7)
  4 orc priests
  Crazy Yiuf (D:6)
  3 hounds
  A gnoll shaman (D:5)
  A scorpion zombie (D:5)
  4 iguanas
  A killer bee zombie (D:7)
  A hound skeleton (D:4)
  A howler monkey zombie (D:5)
  5 adders
  11 gnolls (D:5)
  2 worms
  4 dart slugs
  12 orcs
  3 ball pythons
  6 bats
  9 endoplasms
  3 giant cockroaches
  4 hobgoblins
  11 jackals
  5 kobolds
  2 quokkas
  8 frilled lizards
  5 goblins
  3 rats
136 creatures vanquished.

Vanquished Creatures (collateral kills)
  2 gnolls (D:5)
2 creatures vanquished.

Vanquished Creatures (others)
  2 plants (D:1)
  4 toadstools (D:1)
6 creatures vanquished.

Grand Total: 144 creatures vanquished

Notes
Turn   | Place    | Note
-------+----------+-------------------------------------------
     0 | D:1      | wakim the Tengu Air Elementalist began the quest for the
                  | Orb.
     0 | D:1      | Reached XP level 1. HP: 10/10 MP: 4/4
   233 | D:1      | Reached XP level 2. HP: 9/15 MP: 3/6
   242 | D:1      | Learned a level 2 spell: Static Discharge
   379 | D:1      | Found a faded altar of an unknown god.
   742 | D:1      | Reached XP level 3. HP: 17/19 MP: 2/7
  1163 | D:2      | Found Fahowukh's Weapon Shoppe.
  1442 | D:2      | Reached skill level 5 in Air Magic
  1666 | D:2      | Reached XP level 4. HP: 24/24 MP: 6/8
  2009 | D:3      | Found a broken altar of Ashenzari.
  2009 | D:3      | Found a glowing silver altar of Zin.
  2009 | D:3      | Found a sacrificial altar of Ru.
  2017 | D:3      | Became a worshipper of Ashenzari the Shackled
  2049 | D:3      | Noticed an ice beast
  2386 | D:1      | HP: 1/24 [ice beast (9)]
  2728 | D:3      | Found a runed translucent door.
  2728 | D:3      | Noticed benappo's ghost (weakling DsTm)
  2742 | D:3      | Learned a level 4 spell: Airstrike
  2897 | D:3      | Noticed a sky beast
  3059 | D:4      | Gained mutation: Your magical nature lets you fly swiftly
                  | and evasively. [Tengu growth]
  3059 | D:4      | Reached XP level 5. HP: 21/28 MP: 3/10
  3243 | D:4      | Noticed Menkaure
  3292 | D:4      | Found Suxka's Distillery.
  3506 | D:4      | Reached XP level 6. HP: 32/32 MP: 7/11
  3649 | D:4      | Reached skill level 5 in Conjurations
  3762 | D:4      | Killed Menkaure
  4074 | D:5      | Entered Level 5 of the Dungeon
  4089 | D:5      | Reached XP level 7. HP: 32/36 MP: 7/13
  5050 | D:5      | Reached XP level 8. HP: 41/41 MP: 0/15
  5589 | D:5      | Found a stormy altar of Qazlal.
  5683 | D:5      | Reached skill level 1 in Fighting
  5683 | D:5      | Reached skill level 1 in Staves
  5921 | D:5      | Noticed Edmund
  5928 | D:5      | Killed Edmund
  5935 | D:5      | Found a hazy altar of Hepliaklqana.
  5937 | D:5      | Found a faded altar of an unknown god.
  6268 | D:6      | Noticed Sigmund
  6461 | D:6      | Reached skill level 1 in Evocations
  6651 | D:6      | Killed Sigmund
  6652 | D:6      | Reached XP level 9. HP: 51/51 MP: 7/16
  6655 | D:6      | Reached * piety under Ashenzari
  6839 | D:6      | Learned a level 3 spell: Mephitic Cloud
  7012 | D:6      | Found a runed translucent door.
  7013 | D:6      | Noticed Crazy Yiuf
  7019 | D:6      | Killed Crazy Yiuf
  7101 | D:7      | Found a staircase to the Ecumenical Temple.
  7112 | Temple   | Entered the Ecumenical Temple
  7173 | D:7      | Reached skill level 5 in Dodging
  7237 | D:7      | Noticed an oklob plant
  7242 | D:7      | Noticed a troll
  7891 | D:7      | Reached skill level 5 in Staves
  7918 | D:7      | Noticed an oklob plant
  7994 | D:7      | Found a transporter.
  8007 | D:7      | Noticed Yorgos's ghost (novice DjBe)
  8066 | D:7      | Engulfed by a cloud of steam

Illustrated notes

Levels and vault maps discovered:
D:1:      ldierk_walled_garden_2, layout_rooms,
          shapermc_ecumenical_altar_totnotflames, serial_forest,
          infiniplex_forest_lined_room_2, infiniplex_forest_clump_small,
          infiniplex_forest_clump_small, infiniplex_forest_end_1,
          infiniplex_forest_zigzag_2, infiniplex_forest_corner_2,
          infiniplex_forest_straight_1
D:2:      layout_basic, serial_shops, nicolae_shop_behind_doors
D:3:      layout_rooms, gammafunk_temple_overflow_forgotten,
          ebering_ghost_inner_flame
D:4:      layout_loops_ring, serial_shops, nicolae_shop_hallway_stairs,
          uniq_menkaure
D:5:      layout_basic, beargit_hepliaklqana_dungeon_heroes,
          mainiacjoe_overflow_alcove_4, minmay_misc_feat_more_columns
D:6:      layout_rooms, uniq_sigmund, uniq_crazy_yiuf_cottage
D:7:      layout_loops_corners, minmay_temple_entry_glass, nzn_ghost_randoct,
          serial_rivers, chequers_serial_rivers_micro_a,
          chequers_serial_rivers_small_3, chequers_serial_rivers_small_3,
          chequers_serial_rivers_small_a, chequers_serial_rivers_micro_c,
          chequers_serial_rivers_marsh
Temple:   nicolae_temple_no_exploring_needed

Skill      XL: |  1  2  3  4  5  6  7  8  9 |
---------------+----------------------------+-----
Conjurations   | 2 3 4 5 7 8 |  8.0
Air Magic      | 5 6 7 8 |  8.0
Spellcasting   | 3 4 |  4.0
Fighting       | 3 4 |  4.4
Staves         | 3 5 |  5.0
Dodging        | 4 5 |  5.0
Evocations     | 2 4 |  4.3
Stealth        | |  2.0

Action                   |  1- 3 |  4- 6 |  7- 9 || total
-------------------------+-------+-------+-------++-------
Melee: Unarmed           |    12 |       |       ||    12
       Peck              |     3 |       |     4 ||     7
       Kick              |     3 |     4 |     4 ||    11
       Dagger            |     2 |     3 |       ||     5
       Staff             |       |     1 |    19 ||    20
 Cast: Shock             |    58 |    72 |   113 ||   243
       Static Discharge  |    10 |     3 |    13 ||    26
       Airstrike         |       |     3 |    18 ||    21
       Mephitic Cloud    |       |       |     1 ||     1
Invok: Curse Item        |       |       |     2 ||     2
       Shatter the Chain |       |       |     1 ||     1
  Use: Scroll            |       |     5 |     5 ||    10
Armor: Robe              |     8 |     5 |     6 ||    19
Dodge: Dodged            |    20 |    25 |    39 ||    84

Table legend: (Time is in decaauts)
 A = Elapsed time spent in this place.
 B = Non-inter-level travel time spent in this place.
 C = Inter-level travel time spent in this place.
 D = Time resting spent in this place.
 E = Time spent auto-exploring this place.
 F = Levels seen in this place.
 G = Mean time per level.
                   A        B        C        D        E       F      G
               +--------+--------+--------+--------+--------+-----+--------+
         Total |   7751 |   6893 |    858 |   1117 |   1637 |   8 |  968.9 |
       Dungeon |   7746 |   6888 |    858 |   1117 |   1637 |   7 | 1106.6 |
        Temple |      4 |      4 |      0 |      0 |      0 |   1 |    4.0 |
               +--------+--------+--------+--------+--------+-----+--------+

Top non-repeatable levels by time:
     D:5: 2017 daAuts
     D:4: 1360 daAuts
     D:1: 1146 daAuts
     D:2: 1139 daAuts
     D:7: 894 daAuts
     D:3: 638 daAuts
     D:6: 550 daAuts
  Temple: 4 daAuts
